 Dungeon Crawl Stone Soup version 0.30-a0-930-gb9d0489357 (webtiles) character file.

Game seed: 12961951606230244422

283 ZappyNine the Trooper (level 6, 0/53 HPs)
             Began as a Draconian Fighter on Mar 23, 2023.
             Slain by a lemure (2 damage)
             ... led by Pikel
             ... on level 4 of the Dungeon.
             The game lasted 00:02:26 (2545 turns).

ZappyNine the Trooper (Draconian Fighter)           Turns: 2545, Time: 00:02:27

Health: 0/53       AC:  6    Str: 18    XL:     6   Next: 7%
Magic:  6/6        EV: 13    Int:  8    God:
Gold:   127        SH:  5    Dex: 13    Spells: 5/5 levels left

rFire   . . .      SeeInvis .    a - +0 flail
rCold   . . .      Faith    .    b - +0 buckler
rNeg    . . .      Spirit   .    (body armour unavailable)
rPois   .          Reflect  .    (helmet restricted)
rElec   .          Rampage  .    (no cloak)
rCorr   .                        (no gloves)
Will    .....                    (no boots)
Stlth   +                        (no amulet)
HPRegen 0.28/turn                (no ring)
MPRegen 0.10/turn                (no ring)

@: no status effects
A: AC +6, unfitting armour, cold-blooded
a: no special abilities


You were on level 4 of the Dungeon.
You visited 1 branch of the dungeon, and saw 4 of its levels.

You collected 127 gold pieces.

Inventory:

Hand Weapons
 a - a +0 flail (weapon)
Armour
 b - a +0 buckler (worn)
Jewellery
 m - an amulet of the acrobat
Scrolls
 d - 2 scrolls of poison {unknown}
 e - 4 scrolls of identify {unknown}
 h - 3 scrolls of amnesia {unknown}
 i - a scroll of blinking {unknown}
 j - a scroll of fog {unknown}
 l - a scroll of vulnerability {unknown}
 o - a scroll of fear {unknown}
Potions
 c - a potion of might
 f - a potion of brilliance {unknown}
 g - a potion of ambrosia {unknown}
 k - a potion of heal wounds {unknown}
 n - a potion of curing {unknown}


   Skills:
 + Level 4.4 Fighting
 + Level 3.3 Maces & Flails
 * Level 4.4 Dodging
 + Level 4.0 Shields


You had 5 spell levels left.
You didn't know any spells.
Your spell library contained the following spells:

 Spells                   Type           Power      Damage    Failure   Level
 Ignite Poison            Fire/Tmut/Pois 0%         N/A       86%         3
 Kindle Blastsparks       Fire/Tloc/Air  0%         2d10      86%         3
 Freezing Cloud           Conj/Ice/Air   0%         6-21      100%        5


Dungeon Overview and Level Annotations

Branches:
Dungeon (4/15)
 Temple: D:4-7

Altars:
Cheibriados

Shops:
D:1 !:*(!

Annotations:
D:4 Pikel


Innate Abilities, Weirdness & Mutations

Your plain brown scales are hard. (AC +6)
You cannot fit into any form of body armour.
You are cold-blooded and may be slowed by cold attacks.


Message History

A lemure comes into view.
The lemure closely misses you.
The lemure shouts!
You block the lemure's attack.
You see here 8 gold pieces.
You closely miss Pikel. The lemure closely misses you.
Pikel hits you with a +1 whip of flaming!
Pikel burns you.
The lemure closely misses you. x2; You block Pikel's attack.
The lemure closely misses you. The lemure hits you.
You hit Pikel.
Pikel is lightly wounded.
The lemure hits you.
Pikel hits you with a +1 whip of flaming!
Pikel burns you. The lemure hits you. The lemure barely misses you.
Unknown command.
Unknown command.
You hit Pikel.
Pikel is lightly wounded.
The lemure misses you.
Pikel hits you with a +1 whip of flaming!
* * * LOW HITPOINT WARNING * * *
Pikel burns you.
* * * LOW HITPOINT WARNING * * *
The lemure completely misses you. The lemure closely misses you.
Unknown command.
Unknown command.
You sock Pikel!
Pikel is moderately wounded.
Pikel hits you with a +1 whip of flaming.
* * * LOW HITPOINT WARNING * * *
Pikel burns you.
* * * LOW HITPOINT WARNING * * *
The lemure hits you.
* * * LOW HITPOINT WARNING * * *
You block the lemure's attack. The lemure hits you but does no damage.
Unknown command.
Unknown command.
Unknown command.
The lemure attacks as you move away! The lemure hits you.
You die...

.. #.....##........ #.
#............# #.
#..>..<......###
#.##..............#
#...............#..
#....#.........##..
##...###..........).
...##.55...#........#..#
#....5K@.##.........##..
##...#5.......##...#####
##. #......#####.##
#.....## ### ......##
...#### ...# ...


You could see Pikel and 4 lemures.

Vanquished Creatures
  Eustachio (D:4)
  3 gnolls (D:2)
  3 adders
  An adder zombie (D:3)
  An adder skeleton (D:3)
  2 dart slugs
  5 orcs (D:3)
  3 ball pythons (D:1)
  6 bats
  2 endoplasms (D:2)
  9 goblins
  6 hobgoblins
  6 kobolds
  3 quokkas (D:1)
  4 frilled lizards
  A quokka skeleton (D:3)
  9 rats
65 creatures vanquished.

Notes
Turn   | Place    | Note
-------+----------+-------------------------------------------
     0 | D:1      | ZappyNine the Draconian Fighter began the quest for the
                  | Orb.
     0 | D:1      | Reached XP level 1. HP: 19/19 MP: 1/1
    30 | D:1      | Found Sossouz's Distillery.
    50 | D:1      | Found Louph's Book Emporium.
   136 | D:1      | Reached XP level 2. HP: 26/26 MP: 2/2
   317 | D:1      | Found Ewuwn's Weapon Emporium.
   487 | D:1      | Found Nixtyhan's General Store.
   592 | D:1      | Found Naja's Distillery.
   639 | D:2      | Reached XP level 3. HP: 12/31 MP: 3/3
  1532 | D:2      | Reached XP level 4. HP: 32/40 MP: 4/4
  2179 | D:3      | Found a snail-covered altar of Cheibriados.
  2473 | D:4      | Noticed Eustachio
  2492 | D:4      | Killed Eustachio
  2493 | D:4      | Reached XP level 5. HP: 40/47 MP: 5/5
  2493 | D:4      | Reached XP level 6. HP: 45/53 MP: 6/6
  2537 | D:4      | Noticed Pikel
  2544 | D:4      | HP: 2/53 [lemure[Pikel] (4)]
  2545 | D:4      | Slain by a lemure

Illustrated notes

Levels and vault maps discovered:
D:1:      lemuel_arrival_broad_hall, layout_basic, serial_shops, shop, shop,
          shop, nicolae_lakefront_shop, nicolae_shop_bloodbath_and_beyond
D:2:      layout_loops_ring
D:3:      layout_loops_cross, mainiacjoe_overflow_surrounded_room,
          serial_undead, serial_undead_f, serial_undead_c, serial_undead_a,
          serial_undead_c
D:4:      layout_cave_pools, mainiacjoe_overflow_catwalk, glass_columns_a,
          uniq_pikel, uniq_sigmund, uniq_eustachio

Skill      XL: |  1  2  3  4 |
---------------+-------------+-----
Dodging        | 3 4 |  4.4
Fighting       | 4 |  4.4
Maces & Flails | 3 |  3.3
Shields        | 4 |  4.0

Action                     |  1- 3 |  4- 6 || total
---------------------------+-------+-------++-------
  Melee: Flail             |   123 |    85 ||   208
         Tailslap          |     4 |     6 ||    10
    Use: Potion            |       |     1 ||     1
   Stab: Sleeping          |       |     1 ||     1
 Armour: Skin              |    44 |    34 ||    78
  Dodge: Dodged            |    88 |    65 ||   153
  Block: Buckler           |    33 |    28 ||    61

Table legend: (Time is in decaauts)
 A = Elapsed time spent in this place.
 B = Non-inter-level travel time spent in this place.
 C = Inter-level travel time spent in this place.
 D = Time resting spent in this place.
 E = Time spent auto-exploring this place.
 F = Levels seen in this place.
 G = Mean time per level.
                   A        B        C        D        E       F      G
               +--------+--------+--------+--------+--------+-----+--------+
         Total |   2610 |   2539 |     71 |    273 |   1768 |   4 |  652.5 |
       Dungeon |   2610 |   2539 |     71 |    273 |   1768 |   4 |  652.5 |
               +--------+--------+--------+--------+--------+-----+--------+

Top non-repeatable levels by time:
     D:2: 934 daAuts
     D:1: 819 daAuts
     D:3: 779 daAuts
     D:4: 76 daAuts
